 Dungeon Crawl Stone Soup version 0.26-a0-259-g1effd001a9 (webtiles) character file.

Game seed: 1831032883957654093

6765 Lugonue the Thaumaturge (level 10, 0/50 HPs)
             Began as a Deep Elf Conjurer on July 20, 2020.
             Was a Priest of Vehumet.
             Shot with a sling bullet by Joseph (7 damage)
             ... on level 10 of the Dungeon.
             The game lasted 00:34:49 (11400 turns).

Lugonue the Thaumaturge (Deep Elf Conjurer)        Turns: 11400, Time: 00:34:49

Health: 0/50       AC:  5    Str:  5    XL:     10   Next: 75%
Magic:  7/29       EV: 15    Int: 26    God:    Vehumet [***...]
Gold:   185        SH:  0    Dex: 13    Spells: 20/36 levels left

rFire    . . .     SeeInvis .   r - +4 shortbow
rCold    . . .     Faith    .   (shield currently unavailable)
rNeg     . . .     Spirit   .   q - +0 steam dragon scales
rPois    .         Reflect  .   (no helmet)
rElec    .         Harm     .   y - scarf {+Inv}
rCorr    .                      (no gloves)
MR       +....                  (no boots)
Stlth    +++++.....             (no amulet)
HPRegen  0.16/turn              u - ring of wizardry
MPRegen  0.21/turn              l - ring of stealth

@: frozen ramparts
A: no striking features
a: Renounce Religion, Evoke Invisibility


You were on level 10 of the Dungeon.
You worshipped Vehumet.
Vehumet was most pleased with you.
You were not hungry.

You visited 2 branches of the dungeon, and saw 11 of its levels.

You collected 333 gold pieces.
You spent 148 gold pieces at shops.

Inventory:

Hand Weapons
 j - a +2 rapier of venom
 r - a +4 shortbow (weapon)
Missiles
 s - 2 throwing nets
 v - 19 arrows (quivered)
Armour
 q - +0 steam dragon scales (worn)
 w - a +0 cloak
 y - a scarf of invisibility (worn)
Magical Staves
 a - an uncursed staff of fire
Jewellery
 d - an uncursed ring of protection from fire
 f - a +6 ring of strength
 l - a ring of stealth (right hand)
 u - a ring of wizardry (left hand)
 z - an uncursed ring of stealth
Wands
 D - a wand of random effects (19)
Scrolls
 b - 2 scrolls of amnesia
 e - 3 scrolls of remove curse
 g - a scroll of magic mapping
 h - a scroll of enchant armour
 i - 5 scrolls of identify
 k - a scroll of noise {unknown}
 p - a scroll of teleportation
Potions
 m - a potion of might {unknown}
 n - 3 potions of curing {unknown}
 o - a potion of lignification {unknown}
 t - 4 potions of heal wounds {unknown}
 x - a potion of mutation {unknown}
 A - 2 potions of stabbing
 B - a potion of invisibility
 C - a potion of haste
Comestibles
 c - 16 rations


   Skills:
 + Level 7.1 Bows
 + Level 6.4 Dodging
 + Level 8.4 Stealth
 + Level 13.7 Spellcasting
 + Level 8.0 Conjurations
 + Level 1.4 Hexes
 + Level 2.8 Summonings
 + Level 2.0 Ice Magic


You had 20 spell levels left.
You knew the following spells:

 Your Spells              Type           Power        Failure   Level
a - Ozocubu's Armour      Chrm/Ice       ###.....     2%          3
b - Searing Ray           Conj           ######       1%          2
c - Fulminant Prism       Conj/Hex       #####.....   1%          4
d - Summon Ice Beast      Ice/Summ       ####....     4%          4
e - Frozen Ramparts       Ice            ####..       1%          3

Your spell library contained the following spells:

 Spells                   Type           Power        Failure   Level
 Static Discharge         Conj/Air       #####...     1%          3
 Freeze                   Ice            ####         1%          1
 Magic Dart               Conj           ####         1%          1
 Dazzling Flash           Conj/Hex       #####.       1%          3
 Hailstorm                Conj/Ice       #####...     1%          4
 Iskenderun's Mystic Bla  Conj/Tloc      #####...     1%          4
 Confusing Touch          Hex            ####....     2%          3
 Gell's Gravitas          Tloc           ###.......   4%          3
 Yara's Violent Unravell  Hex/Tmut       ###.......   8%          5
 Petrify                  Tmut/Erth      ###.....     12%         4
 Metabolic Englaciation   Hex/Ice        ####......   16%         5


Dungeon Overview and Level Annotations

Branches:
Dungeon (10/15)            Temple (1/1) D:5            Lair (0/6) D:8
    Orc: D:9-12

Altars:
Ashenzari
Cheibriados
Dithmenos
Elyvilon
Fedhas
Gozag
Hepliaklqana
Kikubaaqudgha
Makhleb
Nemelex Xobeh
Okawaru
Qazlal
Ru
Sif Muna
Trog
Uskayaw
Vehumet
Wu Jian
Xom
Yredelemnul
Zin
The Shining One

Shops:
D:6 ?![

Annotations:
D:3 3 runed translucent doors, Apogee's ghost, weakling TeSu; jt's ghost, amateur FoFi
D:10 Joseph


Message History

Here: Joseph, wielding a +0 hunting sling, wearing a +2 leather armour of cold resistance and quivering 3 sling bullets (severely wounded)
A +0 dagger.
There is something else lying underneath.
An open door, spattered with blood.
Okay, then.
Okay, then.
Unknown command.
Okay, then.
Casting: Fulminant Prism (dangerous; 1% risk of failure)
Confirm with . or Enter, or press ? or * to list all spells.
Okay, then.
Unknown command.
Okay, then.
Okay, then.
Okay, then.
Unknown command.
Your ice beast hits Joseph but does no damage.
Joseph resists.
The wall freezes Joseph.
Joseph shoots a sling bullet.
The sling bullet hits you!
You die...

###### ......#
#.....###########
#.(....@.........
#.....)####...###
#...>.((<[).(....
#...Y((#########.
####@#........
.(.#########
.(... #.... #....


You could see Joseph and a friendly ice beast (summoned).

Vanquished Creatures
  Pikel (D:4)
  A troll (D:8)
  A hippogriff (D:7)
  Sigmund (D:5)
  4 yaks
  Menkaure (D:5)
  Edmund (D:4)
  2 wargs (D:8)
  Duvessa (D:4)
  2 water moccasins
  3 ice beasts
  A nameless horror (D:7)
  4 orc warriors
  A black bear (D:8)
  3 ogres
  2 phantoms
  2 centaurs
  A lemure (D:4)
  A big kobold (D:10)
  5 bullfrogs
  A gnoll sergeant (D:10)
  2 scorpions
  Dowan (D:4)
  5 wights (D:6)
  4 howler monkeys
  A vampire bat (D:5)
  2 hounds
  7 orc priests
  A jelly (D:9)
  16 orc wizards
  4 bullfrog skeletons
  A centaur skeleton (D:6)
  A gnoll shaman (D:3)
  An iron imp (D:7)
  Jessica (D:2)
  2 iguanas
  4 worker ants
  A killer bee zombie (D:9)
  A worker ant zombie (D:8)
  11 gnolls
  6 adders
  3 white imps
  An ufetubus (D:6)
  2 oozes (D:4)
  An adder zombie (D:8)
  2 worms
  3 dart slugs
  5 leopard geckos
  40 orcs
  12 bats
  4 giant cockroaches
  8 goblins
  9 hobgoblins
  10 jackals
  7 quokkas
  3 frilled lizards
  9 kobolds
  A leopard gecko skeleton (D:6)
  7 rats
  4 fulminant prisms
242 creatures vanquished.

Vanquished Creatures (collateral kills)
  Maggie (D:8)
  2 yaks
  An ogre (D:9)
  2 bullfrogs
  2 jellies
  A hound (D:9)
  2 orc priests
  A hound zombie (D:8)
  A gnoll (D:9)
  3 orcs
  A quokka (D:10)
17 creatures vanquished.

Vanquished Creatures (others)
  14 fulminant prisms
14 creatures vanquished.

Grand Total: 273 creatures vanquished

Notes
Turn   | Place    | Note
-------+----------+-------------------------------------------
     0 | D:1      | Lugonue the Deep Elf Conjurer began the quest for the Orb.
     0 | D:1      | Reached XP level 1. HP: 10/10 MP: 6/6
   130 | D:1      | Reached XP level 2. HP: 10/15 MP: 2/8
   617 | D:2      | Noticed Jessica
   620 | D:2      | Killed Jessica
   620 | D:2      | Reached skill level 5 in Conjurations
   620 | D:2      | Reached XP level 3. HP: 19/19 MP: 6/10
   690 | D:2      | Found a blossoming altar of Fedhas.
   697 | D:2      | Found a shadowy altar of Dithmenos.
   722 | D:2      | Reached skill level 4 in Spellcasting
   962 | D:2      | Reached XP level 4. HP: 24/24 MP: 10/12
   966 | D:2      | Learned a level 2 spell: Searing Ray
  1530 | D:3      | Found a shattered altar of Ashenzari.
  1635 | D:3      | Reached skill level 5 in Spellcasting
  1635 | D:3      | Reached XP level 5. HP: 14/28 MP: 2/14
  2043 | D:4      | Reached skill level 6 in Spellcasting
  2121 | D:4      | Noticed a lemure
  2121 | D:4      | Noticed a lemure
  2121 | D:4      | Noticed Dowan
  2122 | D:4      | Noticed Pikel
  2140 | D:4      | Killed Dowan
  2140 | D:4      | Reached XP level 6. HP: 32/32 MP: 11/17
  2602 | D:3      | Reached skill level 7 in Spellcasting
  2883 | D:3      | Found a runed translucent gate.
  2883 | D:3      | Found a runed translucent gate.
  2883 | D:3      | Found a runed translucent gate.
  2887 | D:3      | Noticed jt's ghost (amateur FoFi)
  2887 | D:3      | Noticed Apogee's ghost (weakling TeSu)
  3092 | D:3      | Found a shimmering blue altar of Sif Muna.
  3737 | D:4      | Noticed Duvessa
  3741 | D:4      | Killed Pikel
  3741 | D:4      | Reached skill level 5 in Stealth
  3741 | D:4      | Reached skill level 9 in Spellcasting
  3741 | D:4      | Reached XP level 7. HP: 26/36 MP: 9/22
  3758 | D:4      | Killed Duvessa
  3758 | D:4      | Reached skill level 10 in Spellcasting
  3758 | D:4      | Reached XP level 8. HP: 16/41 MP: 21/24
  4232 | D:4      | Found a glowing golden altar of the Shining One.
  4343 | D:4      | Noticed Edmund
  4361 | D:4      | Killed Edmund
  4466 | D:4      | Reached skill level 11 in Spellcasting
  4634 | D:5      | Entered Level 5 of the Dungeon
  4639 | D:5      | Noticed Menkaure
  4646 | D:5      | Learned a level 4 spell: Fulminant Prism
  4650 | D:5      | Killed Menkaure
  4672 | D:5      | Found a staircase to the Ecumenical Temple.
  4688 | Temple   | Entered the Ecumenical Temple
  5109 | D:5      | Noticed Sigmund
  5121 | D:5      | Killed Sigmund
  5341 | D:6      | Found Gidaef's Magic Scroll Shoppe.
  5348 | D:6      | Bought a scroll of teleportation for 33 gold pieces
  5348 | D:6      | Bought a scroll of blinking for 82 gold pieces
  5348 | D:6      | Bought a scroll of teleportation for 33 gold pieces
  5403 | D:6      | Found Hiagall's Distillery.
  5434 | D:6      | Reached skill level 12 in Spellcasting
  5641 | D:6      | Reached XP level 9. HP: 33/45 MP: 27/27
  6060 | D:6      | Found an iron altar of Okawaru.
  6063 | D:6      | Found a radiant altar of Vehumet.
  6068 | D:6      | Found a sparkling altar of Nemelex Xobeh.
  6074 | D:6      | Became a worshipper of Vehumet
  6263 | D:6      | Found Rumuagor's Armour Emporium.
  6361 | D:6      | Reached skill level 5 in Dodging
  6471 | D:7      | Learned a level 3 spell: Ozocubu's Armour
  6476 | D:7      | Learned a level 4 spell: Summon Ice Beast
  6614 | D:7      | Reached skill level 1 in Bows
  7118 | D:7      | Found a burning altar of Makhleb.
  7178 | D:7      | Found a snail-covered altar of Cheibriados.
  7292 | D:7      | Reached * piety under Vehumet
  7292 | D:7      | Offered knowledge of Shock by Vehumet.
  7727 | D:8      | Noticed a troll
  7733 | D:8      | Killed a troll
  7877 | D:8      | Noticed Maggie
  7960 | D:8      | Reached skill level 1 in Hexes
  7973 | D:8      | Reached skill level 5 in Bows
  7973 | D:8      | Reached XP level 10. HP: 37/50 MP: 22/28
  7988 | D:8      | Reached skill level 13 in Spellcasting
  8015 | D:8      | Reached ** piety under Vehumet
  8015 | D:8      | Offered knowledge of Sandblast by Vehumet.
  8643 | D:8      | Killed Maggie
  8885 | D:8      | Found a staircase to the Lair.
  9242 | D:8      | Reached skill level 1 in Summonings
 10066 | D:9      | Found an ornate altar of the Wu Jian Council.
 10303 | D:10     | Entered Level 10 of the Dungeon
 10395 | D:9      | Reached skill level 1 in Ice Magic
 11115 | D:9      | Offered knowledge of Static Discharge by Vehumet.
 11123 | D:9      | Learned a level 3 spell: Frozen Ramparts
 11351 | D:10     | Reached *** piety under Vehumet
 11368 | D:10     | Noticed Joseph
 11400 | D:10     | Shot with a sling bullet by Joseph

Illustrated notes

Levels and vault maps discovered:
D:1:      dpeg_arrival_ratfight, layout_rooms, hex_large, st_stairs_11
D:2:      minmay_door_path, layout_basic, minitemple, uniq_jessica
D:3:      layout_loops_ring, lemuel_round_altar, led_sif_pool,
          gammafunk_ghost_cemetery, first_ration, guppyfry_early_orc_mine
D:4:      layout_rooms, kennysheep_mini_moat, uniq_pikel, uniq_edmund,
          uniq_duvessa
D:5:      layout_loops_corners, minmay_temple_entry_statues_fountains,
          roderic_batcave, wad_woods_river_04, kennysheep_donut, uniq_sigmund,
          uniq_menkaure
D:6:      layout_loops_corners, grunt_temple_overflow_diamond, serial_shops,
          shop, nicolae_shop_crystal, shop
D:7:      layout_basic, old_standard_altar, slow_altar_1
D:8:      layout_basic, erik_lair_orcish_takeover, uniq_maggie
D:9:      layout_irregular_city, lemuel_doored_altar
D:10:     layout_basic, grunt_pizzeria, kennysheep_nub,
          minmay_statue_crystal_thing, uniq_joseph
Temple:   jpeg_temple_clearing

Skill      XL: |  1  2  3  4  5  6  7  8  9 10 |
---------------+-------------------------------+-----
Conjurations   | 5 6 7 8 |  8.0
Spellcasting   | 4 5 6 9 10 12 13 | 13.7
Stealth        | 3 5 6 8 |  8.4
Dodging        | 3 4 5 6 |  6.4
Bows           | 5 7 |  7.1
Hexes          | 1 |  1.4
Summonings     | 2 |  2.8
Ice Magic      | 2 |  2.0

Action                   |  1- 3 |  4- 6 |  7- 9 | 10-12 || total
-------------------------+-------+-------+-------+-------++-------
Melee: Unarmed           |       |     5 |       |       ||     5
       Rapier            |       |       |    50 |       ||    50
 Fire: Shortbow          |       |       |    78 |    24 ||   102
Throw: Throwing net      |       |       |       |     2 ||     2
 Cast: Magic Dart        |    49 |    30 |    20 |       ||    99
       Searing Ray       |       |    66 |    60 |    50 ||   176
       Fulminant Prism   |       |       |    12 |     6 ||    18
       Summon Ice Beast  |       |       |       |    21 ||    21
       Frozen Ramparts   |       |       |       |     4 ||     4
       Ozocubu's Armour  |       |       |       |     1 ||     1
  Use: Potion            |       |     4 |     2 |       ||     6
       Scroll            |       |       |    11 |     4 ||    15
 Stab: Sleeping          |       |       |     8 |       ||     8
  Eat: Ration            |       |     3 |     4 |     3 ||    10
Armor: Robe              |       |     6 |    27 |     4 ||    37
       Steam dragon scal |       |       |       |    14 ||    14
Dodge: Dodged            |     5 |    28 |    97 |    74 ||   204

Table legend:
 A = Non-vault XP
 B = Vault XP
 C = Vault XP percentage of total XP
 D = Non-vault monster count
 E = Vault monster count
 F = Vault count percentage of total count
                 A         B        C        D         E       F
            +---------+---------+-------+---------+---------+-------
      Total |    7246 |    2419 |  25.0 |     218 |      35 |  13.8
            +---------+---------+-------+---------+---------+-------
        D:1 |      20 |       0 |   0.0 |      10 |       0 |   0.0
        D:2 |      42 |      54 |  56.2 |      15 |       5 |  25.0
        D:3 |     213 |      16 |   7.0 |      32 |       7 |  17.9
        D:4 |     546 |     984 |  64.3 |      29 |       4 |  12.1
        D:5 |      58 |     460 |  88.8 |       3 |      10 |  76.9
        D:6 |    1241 |       0 |   0.0 |      23 |       0 |   0.0
        D:7 |     959 |      39 |   3.9 |      23 |       1 |   4.2
        D:8 |    1769 |     866 |  32.9 |      34 |       8 |  19.0
        D:9 |    1077 |       0 |   0.0 |      15 |       0 |   0.0
       D:10 |    1321 |       0 |   0.0 |      34 |       0 |   0.0
            +---------+---------+-------+---------+---------+-------
